AoeStats
← | ArCas | Toruk Makto

Arena

504320931Analyzed
4v4 RM · 27d ago on Sep 4, 2026· 45m 0s· 8 players
Game mode
Random Map
Map size
Large (8 player)
Population
200
Speed
Normal
Resources
Standard
Victory
Conquest
Starting age
Dark Age
Ending age
Imperial Age
RankedLock teamsTeams togetherTeam positionsShared explorationLock speedFull tech treeHidden civsTurbo modeCheats
Victory
Defeat
🇵🇹 Tupi · Portugal
1410
+14
🇩🇪 Goths · Germany
1388
+15
🇫🇷 Saracens · France
1372
+16
🇪🇸 Teutons · Spain
1357
+17
🇦🇷 Bohemians · Argentina
1411
-17
🇦🇷 Wei · Argentina
1409
-17
🇦🇷 Malay · Argentina
1365
-15
🇬🇧 Vietnamese · United Kingdom
1324
-13
VFV_Gilgamesh
10:33 Feudal Age
9:16 Loom
11:45 Double-Bit Axe
14:22 Castle Age
12:37 Horse Collar
14:05 Town Watch
15:35 Bow Saw
18:30 Wheelbarrow
20:40 Fletching
22:04 Guard Tower
23:32 Gold Mining
24:48 Scale Mail Armor
24:50 Bodkin Arrow
25:00 Scale Mail Armor
24:59 Pikeman
26:26 Heavy Plow
27:22 Ballistics
27:03 Gambesons
28:03 Chain Mail Armor
31:33 Hand Cart
32:36 Fortified Wall
36:24 Imperial Age
34:24 Stone Mining
36:22 Forging
36:46 Halberdier
37:58 Plate Mail Armor
36:50 Capped Ram
38:46 Chemistry
40:54 Iron Casting
42:04 Crenellations
42:01 Siege Engineers
43:37 Squires
44:38 Blast Furnace
44:29 Keep
44:15 Bombard Tower
46:14 Hoardings
46:00 Ironclad
JOK3R_LSR
10:36 Feudal Age
14:27 Castle Age
12:33 Double-Bit Axe
14:15 Horse Collar
15:37 Bow Saw
18:02 Heavy Plow
20:28 Stone Mining
21:05 Gold Mining
23:54 Wheelbarrow
25:06 Hand Cart
28:15 Imperial Age
27:42 Scale Barding Armor
27:48 Forging
29:36 Gold Shaft Mining
29:23 Chain Barding Armor
31:31 Iron Casting
33:52 Bloodlines
33:43 Husbandry
35:46 Plate Barding Armor
36:11 Blast Furnace
34:40 Elite Mameluke
35:45 Loom
35:45 Town Watch
39:47 Town Patrol
40:09 Conscription
42:24 Fletching
42:44 Padded Archer Armor
TrCL.MAN1AC
10:50 Feudal Age
11:59 Double-Bit Axe
14:30 Castle Age
12:30 Horse Collar
15:05 Wheelbarrow
16:03 Bow Saw
16:16 Heavy Plow
20:36 Hand Cart
22:07 Loom
22:36 Gold Mining
24:01 Scale Mail Armor
24:43 Anarchy
25:14 Chain Mail Armor
25:09 Forging
27:04 Iron Casting
27:24 Squires
28:13 Man-at-Arms
28:55 Long Swordsman
31:26 Pikeman
36:27 Imperial Age
36:36 Halberdier
37:41 Conscription
38:12 Chain Mail Armor
38:57 Blast Furnace
38:57 Elite Huskarl
40:17 Two-Handed Swordsman
41:08 Champion
45:03 Two-Man Saw
dL
10:36 Feudal Age
12:14 Double-Bit Axe
14:45 Castle Age
12:57 Horse Collar
16:15 Bow Saw
16:44 Gold Mining
17:51 Fletching
22:56 Bodkin Arrow
27:03 Gold Shaft Mining
27:31 Ballistics
27:18 Padded Archer Armor
27:59 Wheelbarrow
28:10 Murder Holes
32:08 Imperial Age
32:02 Wheelbarrow
31:30 Heavy Plow
31:23 Stone Mining
33:42 Hand Cart
38:00 Two-Man Saw
42:47 Loom
42:48 Town Watch
43:41 Conscription
CTM | Severo24cm
10:28 Feudal Age
14:52 Castle Age
12:42 Double-Bit Axe
14:25 Horse Collar
15:02 Loom
20:15 Heavy Plow
21:45 Wheelbarrow
22:01 Bow Saw
22:24 Gold Mining
23:50 Stone Mining
24:35 Gold Shaft Mining
30:07 Imperial Age
28:26 Gold Shaft Mining
28:26 Stone Shaft Mining
27:45 Fletching
27:55 Padded Archer Armor
28:17 Ballistics
27:40 Treadmill Crane
28:20 Ballistics
28:43 Fortified Wall
28:50 Tuntian
29:25 Hand Cart
29:47 Bodkin Arrow
30:07 Leather Archer Armor
29:53 Scale Mail Armor
30:03 Town Watch
30:50 Leather Archer Armor
31:17 Parthian Tactics
30:58 Thumb Ring
31:19 Conscription
32:09 Chemistry
31:41 Bloodlines
31:31 Husbandry
31:48 Bracer
32:18 Ring Archer Armor
32:50 Stone Shaft Mining
33:17 Ming Guang Armor
33:05 Scale Barding Armor
33:10 Forging
32:41 Light Cavalry
35:11 Chain Barding Armor
35:26 Iron Casting
34:30 Hussar
37:28 Hoardings
40:31 Blast Furnace
39:46 Chain Mail Armor
40:33 Coinage
| ArCas | Toruk Makto
12:35 Feudal Age
15:50 Castle Age
14:09 Double-Bit Axe
14:07 Horse Collar
14:46 Loom
24:41 Imperial Age
23:29 Wheelbarrow
22:49 Fletching
23:54 Forging
27:08 Bodkin Arrow
27:49 Iron Casting
32:34 Town Watch
34:34 Conscription
33:49 Man-at-Arms
34:30 Squires
36:03 Heavy Plow
36:15 Bow Saw
35:45 Long Swordsman
36:40 Arson
37:17 Gold Mining
37:15 Two-Handed Swordsman
38:13 Forced Levy
38:50 Hand Cart
39:41 Blast Furnace
40:08 Crop Rotation
41:27 Bracer
| ArCas | Ahsoka Tano
10:17 Feudal Age
14:07 Castle Age
12:29 Loom
19:12 Double-Bit Axe
26:11 Imperial Age
25:45 Chemistry
36:50 Bow Saw
Jellybean
10:48 Feudal Age
14:38 Castle Age
13:07 Double-Bit Axe
13:37 Horse Collar
16:04 Bow Saw
17:57 Loom
20:58 Wheelbarrow
21:22 Heavy Plow
22:04 Gold Mining
22:39 Stone Mining
24:41 Hand Cart
24:46 Scale Barding Armor
24:55 Town Watch
26:54 Stone Shaft Mining
28:54 Imperial Age
27:20 Chain Barding Armor
27:55 Treadmill Crane
28:27 Forging
29:53 Iron Casting
33:35 Bloodlines
33:45 Elite Battle Elephant
35:06 Chatras
35:18 Husbandry
36:15 Ballistics
36:32 Thumb Ring
35:58 Elite Skirmisher
36:41 Imperial Skirmisher
36:58 Light Cavalry
Connection lost

Rejoining the realm…

Still unreachable

The connection could not be restored.

Session expired

The server has moved on; the page needs a fresh start.